Map: Catalisador LE

Players

MaTi - Winner!

  • Race: Zerg Zerg
  • League: Silver
  • Spawn Location: 11:00

IagoAbreu

  • Race: Terran Terran
  • League: Silver
  • Spawn Location: 5:00

VOD

Have the link to the VOD?

Description

Time

  • Played on: May 15, 2018, 1:30 p.m.
  • Length: 9:58
Show
View Real Time Build Order
Export as new Build Order

MaTi Zerg - Winner!

Build Orders: Pool First, Zergling Baneling 

Get SALT Encoding   

  12  0:01  Drone  
  13  0:08  Drone  
  14  0:14  Extractor  
  14  0:16  Drone  
  14  0:22  Drone, Extractor  
  16  0:36  Spawning Pool  
  15  0:42  Overlord  
  15  0:50  Extractor  
  15  0:56  Extractor  
  14  0:57  Drone  
  14  1:01  Drone x2  
  16  1:09  Drone  
  17  1:25  Drone  
  18  1:32  Drone  
  19  1:38  Lair  
  19  1:40  Drone  
  20  1:52  Drone  
  21  2:02  Drone  
  22  2:11  Baneling Nest  
  22  2:14  Drone  
  22  2:23  Overlord  
  22  2:41  Extractor  
  22  2:43  Zergling x2  
  22  2:44  Queen  
  22  2:47  Zergling x2  
  25  2:57  Zergling x2  
  25  3:07  Zergling x2  
  25  3:18  Zergling x2  
  26  3:20  Baneling  
  26  3:21  Baneling  
  26  3:27  Baneling x2  
  26  3:29  Zergling x2  
  27  3:35  Centrifical Hooks  
  25  3:50  Baneling x2  
  25  3:59  Hydralisk Den  
  25  4:02  Zergling x2  
  25  4:03  Zergling x8  
  27  4:40  Grooved Spines  
  27  4:52  Hatchery  
  26  4:53  Baneling  
  26  4:54  Baneling x6  
  26  4:55  Baneling x3  
  26  4:58  Overseer  
  26  5:27  Drone x4  
  30  5:35  Overlord x3  
  25  6:03  Hydralisk x4  
  33  6:07  Overlord  
  33  6:13  Hydralisk  
  35  6:20  Drone x2  
  37  6:36  Zergling x4  
  38  6:57  Baneling  
  38  6:58  Baneling x3  
  36  7:09  Hydralisk x3  
  36  7:12  Muscular Augments  
  42  7:24  Drone x3  
  45  7:31  Extractor  
  45  7:32  Queen, Extractor  
  45  7:42  Drone  
  46  7:47  Hydralisk x2  
  46  7:48  Hydralisk x2  
  54  7:56  Drone  
  55  7:58  Drone  
  56  8:07  Overseer  
  56  8:10  Hydralisk x3  
  62  8:16  Overlord  
  60  8:39  Overlord  
  60  8:43  Drone x2  
  60  8:46  Drone x2  
  60  8:47  Drone  
  65  8:51  Drone x3  
  64  9:32  Drone x2  
Show
View Real Time Build Order
Export as new Build Order

IagoAbreu Terran 

Build Orders:  

Get SALT Encoding   

  12  0:03  SCV  
  13  0:15  SCV  
  13  0:19  Supply Depot  
  14  0:33  SCV, Refinery  
  15  0:48  SCV  
  16  0:52  Barracks  
  16  1:01  Engineering Bay  
  16  1:06  SCV  
  17  1:18  SCV  
  18  1:34  SCV  
  18  1:39  Terran Infantry Weapons Level 1  
  19  1:45  Bunker  
  19  1:46  Marine  
  20  1:56  SCV  
  21  2:04  Marine  
  22  2:12  Orbital Command  
  22  2:13  Supply Depot  
  22  2:20  Supply Depot  
  22  2:26  Marine  
  23  2:35  Supply Depot  
  23  2:39  Barracks  
  23  2:55  Marine  
  24  3:21  SCV  
  25  3:30  Barracks Reactor x2  
  25  3:33  SCV, Terran Infantry Armor Level 1  
  21  3:53  SCV  
  22  4:05  SCV  
  22  4:07  Marine x4  
  27  4:17  Refinery  
  27  4:21  SCV  
  28  4:29  Barracks Reactor  
  24  5:04  Barracks Reactor  
  24  5:07  Barracks Reactor  
  24  5:21  Factory  
  24  5:46  Reaper x4  
  28  6:06  Supply Depot x3  
  28  6:15  Starport  
  28  6:18  Factory Reactor  
  28  6:28  Reaper x2  
  28  6:29  Reaper  
  32  6:38  Reaper  
  23  7:22  Starport  
  23  7:28  Liberator  
  23  7:31  Factory Tech Lab  
  23  7:38  Liberator  
  23  7:39  Command Center  
  23  7:40  Armory  
  28  9:02  Missile Turret  
  28  9:09  Refinery  
  28  9:13  Fusion Core, Refinery  
  25  9:22  Starport Tech Lab  
  21  9:29  Widow Mine  
  21  9:30  Widow Mine  
Tags
 
Add a new tag
Caveats
  • Supply blocks, unpowered buildings, or Contaminate may cause inaccurate times.
  • Supply counts are checked every 10 seconds.